 Dungeon Crawl Stone Soup version 0.16-a0-3493-gd9d85f0 (webtiles) character file.

71 Kemay the Changer (level 4, -3/35 HPs)
             Began as a Draconian Transmuter on Jan 4, 2015.
             Slain by a quokka (4 damage)
             ... on level 3 of the Dungeon.
             The game lasted 00:05:42 (2110 turns).

Kemay the Changer (Draconian Transmuter)            Turns: 2110, Time: 00:05:42

Health: -3/35      AC:  5    Str: 13    XL:     4   Next: 5%
Magic:  7/7        EV: 12    Int: 14    God:
Gold:   71         SH:  0    Dex: 11    Spells: 2 memorised, 3 levels left

rFire  . . .     SeeInvis .       - Unarmed
rCold  . . .     Clarity  .     (armour unavailable)
rNeg   . . .     SustAb   .     (no shield)
rPois  .         Gourm    .     (helmet restricted)
rElec  .         Spirit   .     (no cloak)
rCorr  .         Warding  .     (no gloves)
rMut   .         Stasis   .     (no boots)
MR     .....                    (no amulet)
Stlth  +.........               (no ring)
                                (no ring)

@: confused, very slightly contaminated, not resistant to hostile enchantments,
very unstealthy
A: unfitting armour, cold-blooded, AC +5
a: no special abilities


You were on level 3 of the Dungeon.
You were very hungry.

You visited 1 branch of the dungeon, and saw 3 of its levels.

You collected 71 gold pieces.

Inventory:

Scrolls
 b - 2 scrolls of enchant armour
 c - a scroll of amnesia
 l - 2 scrolls of teleportation
Potions
 e - 2 potions of flight
 g - a potion of haste
Books
 d - a book of Changes

   Spells                             Type                      Level
   a - Beastly Appendage              Transmutation                1
   b - Sticks to Snakes               Transmutation                2
   c - Spider Form                    Transmutation/Poison         3
   d - Ice Form                       Ice/Transmutation            4
   e - Blade Hands                    Transmutation                5
Comestibles
 a - a bread ration
 f - a beef jerky
 h - a slice of pizza
 i - a meat ration


   Skills:
 - Level 1.1 Fighting
 - Level 1.7 Dodging
 - Level 3.0 Unarmed Combat
 - Level 2.0 Spellcasting
 + Level 4.0 Transmutations
 + Level 1.2 Poison Magic


You had 3 spell levels left.
You knew the following spells:

 Your Spells              Type           Power        Failure   Level  Hunger
a - Beastly Appendage     Trmt           ##....       4%          1    ##.....
b - Spider Form           Trmt/Pois      #.........   24%         3    ####...


Dungeon Overview and Level Annotations

Branches:
Dungeon (3/15)

Altars:


Innate Abilities, Weirdness & Mutations

Your plain brown scales are hard (AC +5).
Your body does not fit into most forms of armour.
Your cold-blooded metabolism reacts poorly to cold.


Message History

The quokka barely misses you.
You swing at nothing.
You flicker back into view.
The quokka bites you but does no damage.
You swing at nothing.
The quokka bites you.
* * * LOW HITPOINT WARNING * * *
You miss the quokka. The quokka misses you.
You closely miss the quokka.
You tail-slap the quokka, but do no damage.
The quokka closely misses you.
You miss the quokka. The quokka closely misses you.
Drink which item? (? for menu, Esc to quit)
Okay, then.
You miss the quokka. The quokka misses you. The quokka barely misses you.
You swing at nothing.
The quokka closely misses you. The quokka bites you.
* * * LOW HITPOINT WARNING * * *
You swing at nothing.
The quokka barely misses you.
You closely miss the quokka. The quokka bites you.
You die...

. #.# ##.. ... ## ###
.. ##..###.. .#
........#####.##
.........<..r...#
..........†.@##.......
....#####.#)## #####
#..[........
...........".
##...<....####
###....### ######


You could see a quokka.

Vanquished Creatures
  Natasha (D:3)
  2 worms (D:2)
  A giant mite (D:1)
  A giant gecko (D:1)
  2 goblins
  5 hobgoblins
  5 kobolds
  4 bats
  3 giant cockroaches
  A giant newt (D:2)
  7 rats
32 creatures vanquished.

Notes
Turn   | Place    | Note
--------------------------------------------------------------
     0 | D:1      | Kemay, the Draconian Transmuter, began the quest for the Orb.
     0 | D:1      | Reached XP level 1. HP: 16/16 MP: 3/3
    53 | D:1      | You fall through a shaft!
   199 | D:1      | Reached XP level 2. HP: 17/23 MP: 4/4
  1350 | D:2      | Reached XP level 3. HP: 28/28 MP: 6/6
  1662 | D:2      | Learned a level 3 spell: Spider Form
  2057 | D:3      | Noticed Natasha
  2083 | D:3      | Killed Natasha
  2083 | D:3      | Reached skill level 4 in Transmutations
  2083 | D:3      | Reached skill level 1 in Poison Magic
  2083 | D:3      | Reached XP level 4. HP: 7/35 MP: 7/7
  2108 | D:3      | HP: 1/35 [quokka (4)]
  2110 | D:3      | Slain by a quokka

Action                   |  1- 3 |  4- 6 || total
-------------------------+-------+-------++-------
Melee: Unarmed           |   124 |     6 ||   130
 Cast: Beastly Appendage |     8 |       ||     8
  Use: Scroll            |     9 |       ||     9
       Potion            |     2 |       ||     2
  Eat: Chunk             |     3 |       ||     3
